Map: Kairos Junction LE

Players

pta

  • Race: Zerg Zerg
  • Spawn Location: 5:00

VOD

Have the link to the VOD?

Description

Time

  • Played on: April 14, 2019, 11:05 p.m.
  • Length: 23:13
Show
View Real Time Build Order
Export as new Build Order

pta Zerg 

Build Orders:  

Get SALT Encoding   

  12  1:01  Drone  
  12  1:05  Hatchery  
  12  1:10  Spawning Pool  
  12  1:15  Drone  
  12  1:20  Extractor  
  12  1:26  Drone  
  12  1:32  Extractor  
  12  1:39  Drone  
  12  1:48  Drone  
  13  2:01  Overlord  
  13  2:15  Drone  
  14  2:48  Drone  
  15  2:55  Drone  
  15  2:58  Lair  
  16  3:03  Drone  
  17  3:11  Drone  
  17  3:17  Drone  
  19  3:23  Drone  
  20  3:36  Drone  
  21  3:48  Queen  
  23  3:57  Extractor  
  22  4:01  Extractor, Drone  
  22  4:02  Drone  
  23  4:16  Roach Warren  
  22  4:31  Zergling x6  
  22  4:36  Zergling x2  
  26  4:45  Drone  
  26  4:46  Drone  
  28  4:55  Overlord  
  28  5:13  Overlord  
  28  5:26  Roach x2  
  28  5:27  Roach  
  34  5:32  Roach  
  36  6:05  Drone  
  36  6:06  Drone x2  
  39  6:29  Spine Crawler  
  38  6:33  Spine Crawler  
  38  6:37  Spine Crawler  
  38  6:39  Roach x3  
  42  6:42  Roach  
  44  7:06  Overlord  
  44  7:14  Queen  
  41  7:39  Drone x3  
  44  8:02  Evolution Chamber, Overlord x2  
  44  8:03  Drone x3  
  46  8:38  Zerg Ground Armor Level 1  
  46  8:46  Drone  
  46  8:47  Drone x5  
  52  8:53  Overlord  
  52  9:03  Overlord  
  52  9:20  Hydralisk Den  
  52  9:26  Infestation Pit  
  50  9:30  Drone x2  
  50  9:31  Spire  
  50  9:34  Drone  
  50  9:37  Drone  
  50  9:39  Drone  
  54  9:43  Drone  
  55  9:52  Roach x2  
  55  9:57  Roach  
  61  10:01  Roach  
  61  10:05  Roach  
  61  10:09  Roach  
  67  10:14  Glial Reconstitution  
  67  10:32  Drone x3  
  67  10:34  Drone  
  71  11:16  Hatchery  
  71  11:18  Zerg Missile Weapons Level 1  
  70  11:25  Drone x2  
  70  11:26  Drone x3  
  75  11:41  Zerg Flyer Armor Level 1  
  75  12:02  Spine Crawler x2  
  75  12:03  Unknown  
  75  12:07  Spine Crawler x2  
  71  12:26  Spine Crawler  
  47  13:11  Zergling x12  
  47  13:12  Zergling x18  
  47  13:13  Zergling x12  
  64  13:29  Hydralisk x2  
  68  13:30  Hydralisk x3  
  74  13:43  Unknown  
  72  13:59  Hydralisk x4  
  79  14:21  Zerg Flyer Weapons Level 1  
  79  14:25  Zerg Ground Armor Level 2  
  79  14:41  Mutalisk  
  79  14:43  Overlord x3  
  81  14:50  Drone  
  82  15:20  Metabolic Boost  
  58  16:06  Hydralisk x3  
  58  16:07  Hydralisk x9  
  58  16:08  Hydralisk x5  
  78  16:24  Spine Crawler  
  77  16:36  Spine Crawler x2  
  77  16:37  Spine Crawler x2, Drone  
  74  16:40  Spine Crawler, Drone x3  
  74  16:43  Spine Crawler  
  75  16:54  Drone x4  
  79  17:09  Mutalisk x2  
  79  17:35  Zerg Missile Weapons Level 2  
  51  18:06  Mutalisk x5  
  51  18:07  Mutalisk x5  
  51  18:08  Mutalisk  
  69  18:30  Mutalisk  
  69  18:31  Mutalisk x2  
  75  19:07  Roach x8  
  75  19:09  Roach  
  47  20:26  Roach x2  
  47  20:27  Roach x5  
  47  20:28  Roach x3  
  47  20:29  Hydralisk x2  
  71  20:30  Hydralisk x2  
  71  20:32  Hydralisk  
  77  21:06  Overseer  
  77  21:10  Mutalisk x4  
  85  21:34  Drone x3  
  88  21:49  Hydralisk x3  
  94  21:50  Hydralisk x2  
  98  22:07  Drone  
Tags
 
Add a new tag
Caveats
  • Supply blocks, unpowered buildings, or Contaminate may cause inaccurate times.
  • Supply counts are checked every 10 seconds.